 Dungeon Crawl Stone Soup version 0.26.1 (webtiles) character file.

Game seed: 8958257896232377949

77 leafyfresh the Magician (level 4, -1/32 HPs)
             Began as a Gnoll Hedge Wizard on Feb 7, 2021.
             Killed by nerve-wracking pain
             ... invoked by a shadow imp
             ... summoned by Natasha
              (14 damage)
             ... on level 1 of the Dungeon.
             The game lasted 00:03:09 (2336 turns).

leafyfresh the Magician (Gnoll Hedge Wizard)        Turns: 2336, Time: 00:03:10

Health: -1/32      AC: 10    Str: 12    XL:     4   Next: 33%
Magic:  13/13      EV:  3    Int: 17    God:
Gold:   125        SH:  9    Dex: 15    Spells: 16/17 levels left

rFire    + . .     SeeInvis .   l - +0 whip
rCold    x . .     Faith    .   s - +0 buckler (curse)
rNeg     . . .     Spirit   .   k - +0 plate armour (curse)
rPois    .         Reflect  +   c - +0 hat
rElec    .         Harm     .   (no cloak)
rCorr    .         Rampage  .   (no gloves)
Will     +....                  (no boots)
Stlth    ..........             f - amulet of reflection
HPRegen  0.10/turn              r - ring of willpower
MPRegen  0.13/turn              p - ring of fire

@: no status effects
A: distributed training, fangs 1, strong nose
a: no special abilities


You were on level 1 of the Dungeon.
You visited 1 branch of the dungeon, and saw 2 of its levels.

You collected 125 gold pieces.

Inventory:

Hand Weapons
 a - a +0 dagger
 l - a +0 whip (weapon)
Armour
 b - a +0 robe
 c - a +0 hat (worn)
 k - a cursed +0 plate armour (worn)
 s - a cursed +0 buckler (worn)
Jewellery
 f - an amulet of reflection (around neck)
 j - an uncursed ring of ice
 o - a +6 ring of intelligence
 p - a ring of fire (right hand)
 r - a ring of willpower (left hand)
 u - a cursed ring of attention {unknown}
Scrolls
 d - 2 scrolls of fog {unknown}
 e - 2 scrolls of remove curse {unknown}
 q - a scroll of identify {unknown}
Potions
 g - a potion of cancellation {unknown}
 h - a potion of flight {unknown}
 i - 2 potions of magic {unknown}
 m - a potion of mutation {unknown}
 n - a potion of curing {unknown}
 t - a potion of heal wounds {unknown}


   Skills:
 + Level 1.1 Fighting
 + Level 1.1 Short Blades
 + Level 1.1 Long Blades
 + Level 1.1 Axes
 + Level 1.1 Maces & Flails
 + Level 1.1 Polearms
 + Level 1.1 Staves
 + Level 1.1 Slings
 + Level 1.1 Bows
 + Level 1.1 Crossbows
 + Level 1.1 Throwing
 + Level 1.1 Armour
 + Level 4.6 Dodging
 + Level 4.2 Stealth
 + Level 1.1 Shields
 + Level 1.1 Unarmed Combat
 + Level 7.2 Spellcasting
 + Level 2.2 Conjurations
 + Level 0.8 Hexes
 + Level 2.2 Summonings
 + Level 0.8 Necromancy
 + Level 2.2 Translocations
 + Level 0.8 Transmutations
 + Level 0.8 Fire Magic
 + Level 0.8 Ice Magic
 + Level 0.8 Air Magic
 + Level 0.8 Earth Magic
 + Level 0.8 Poison Magic
 + Level 1.2 Invocations
 + Level 1.1 Evocations


You had 16 spell levels left.
You knew the following spells:

 Your Spells              Type           Power        Failure   Level
a - Magic Dart            Conj           52%          100%        1

Your spell library contained the following spells:

 Spells                   Type           Power        Failure   Level
 Blink                    Tloc           N/A          100%        2
 Call Imp                 Summ           13%          100%        2
 Slow                     Hex            9%           100%        2
 Conjure Flame            Conj/Fire      17%          100%        3
 Mephitic Cloud           Conj/Pois/Air  10%          100%        3


Dungeon Overview and Level Annotations

Branches:
Dungeon (2/15)

Altars:
Fedhas

Annotations:
D:1 Natasha


Innate Abilities, Weirdness & Mutations

Your experience applies equally to all skills.
You have very sharp teeth.
Your uncanny sense of smell can sniff out nearby items.


Message History

Natasha stares at you and mumbles some strange words.
The magic dart hits you but does no damage.
Natasha stares at you and mumbles some strange words.
The magic dart hits you.
Natasha growls.
Natasha stares at you and mumbles some strange words.
You resist with almost no effort.
Natasha howls an incantation.
Natasha shimmers violently.
Natasha stares at you and mumbles some strange words.
The magic dart hits you. Natasha casts a spell at you.
You resist with almost no effort. Natasha claws you but does no damage.
Natasha stares at you and mumbles some strange words.
The magic dart hits you but does no damage.
Natasha casts a spell.
The shadow imp gestures at you. Pain shoots through your body!
You die...

...(# #.# #.#.# ###.#########'###
#.#.# ..#(.....#......# #.#.#
#)#......#......###.#.#
#........+......'...#.###########
###...†..#......#####.#...)......
#........#......# #.#.########.
..#......#......#####.#.# #.
###......#......@..5h...# #.
###......############.##########.
'........# #............
####.....# ############# #
##'#### # #.# # #.# # #.# # #.#


You could see Natasha and a shadow imp (summoned).

Vanquished Creatures
  Natasha (D:2)
  An adder (D:2)
  An ooze (D:1)
  2 dart slugs (D:1)
  A leopard gecko (D:2)
  4 bats
  4 giant cockroaches
  2 goblins (D:1)
  2 hobgoblins
  3 frilled lizards
  7 kobolds
  6 rats
34 creatures vanquished.

Notes
Turn   | Place    | Note
-------+----------+-------------------------------------------
     0 | D:1      | leafyfresh the Gnoll Hedge Wizard began the quest for the
                  | Orb.
     0 | D:1      | Reached XP level 1. HP: 13/13 MP: 8/8
   477 | D:1      | Reached XP level 2. HP: 20/20 MP: 2/10
   668 | D:1      | Reached XP level 3. HP: 10/25 MP: 2/11
  1874 | D:2      | Found a blossoming altar of Fedhas.
  1949 | D:2      | Reached skill level 1 in Invocations
  2059 | D:2      | Noticed Natasha
  2069 | D:2      | Killed Natasha
  2070 | D:2      | Reached skill level 1 in Fighting
  2070 | D:2      | Reached skill level 1 in Short Blades
  2070 | D:2      | Reached skill level 1 in Long Blades
  2070 | D:2      | Reached skill level 1 in Axes
  2070 | D:2      | Reached skill level 1 in Maces & Flails
  2070 | D:2      | Reached skill level 1 in Polearms
  2070 | D:2      | Reached skill level 1 in Staves
  2070 | D:2      | Reached skill level 1 in Slings
  2070 | D:2      | Reached skill level 1 in Bows
  2070 | D:2      | Reached skill level 1 in Crossbows
  2070 | D:2      | Reached skill level 1 in Throwing
  2070 | D:2      | Reached skill level 1 in Armour
  2070 | D:2      | Reached skill level 1 in Shields
  2070 | D:2      | Reached skill level 1 in Unarmed Combat
  2070 | D:2      | Reached skill level 1 in Evocations
  2070 | D:2      | Reached XP level 4. HP: 32/32 MP: 10/13
  2272 | D:2      | Noticed Natasha
  2336 | D:1      | Killed from afar by a shadow imp

Illustrated notes

Levels and vault maps discovered:
D:1:      lemuel_arrival_lava_pool, layout_basic, minmay_hexomino_u4
D:2:      layout_loops_ring, general_overflow_altar, lemuel_round_altar,
          serial_forest, infiniplex_forest_straight_3,
          infiniplex_forest_zigzag_1, infiniplex_forest_clump_diagonal,
          infiniplex_forest_lined_2, infiniplex_forest_straight_3,
          infiniplex_forest_join, infiniplex_forest_lined_corner,
          uniq_crazy_yiuf_cottage, uniq_natasha

Skill      XL: |  1  2  3 |
---------------+----------+-----
Conjurations   | 2 |  2.2
Summonings     | 2 |  2.2
Translocations | 2 |  2.2
Invocations    | 1 |  1.2
Fighting       | 1 |  1.1
Short Blades   | 1 |  1.1
Long Blades    | 1 |  1.1
Axes           | 1 |  1.1
Maces & Flails | 1 |  1.1
Polearms       | 1 |  1.1
Staves         | 1 |  1.1
Slings         | 1 |  1.1
Bows           | 1 |  1.1
Crossbows      | 1 |  1.1
Throwing       | 1 |  1.1
Armour         | 1 |  1.1
Shields        | 1 |  1.1
Unarmed Combat | 1 |  1.1
Evocations     | 1 |  1.1
Dodging        | |  4.6
Stealth        | |  4.2
Spellcasting   | |  7.2
Hexes          | |  0.8
Necromancy     | |  0.8
Transmutations | |  0.8
Fire Magic     | |  0.8
Ice Magic      | |  0.8
Air Magic      | |  0.8
Earth Magic    | |  0.8
Poison Magic   | |  0.8

Action                   |  1- 3 |  4- 6 || total
-------------------------+-------+-------++-------
Melee: Dagger            |    40 |       ||    40
       Bite              |     8 |     7 ||    15
       Whip              |    79 |    48 ||   127
 Cast: Magic Dart        |    21 |       ||    21
 Stab: Sleeping          |     1 |       ||     1
Armor: Robe              |     4 |       ||     4
       Plate armour      |    54 |    44 ||    98
Dodge: Dodged            |    39 |     7 ||    46
Block: Other             |    20 |       ||    20
       Buckler           |    14 |    30 ||    44
